 Seeded DCSS version 0.30-a0-777-ga9a30cbeda (webtiles) character file.

Game seed: 17060007313298290925 (custom seed)

475 Juicyj the Covered (level 6, -5/56 HPs)
             Began as a Minotaur Fighter on Feb 13, 2023.
             Was an Initiate of Okawaru.
             Slain by Duvessa
             ... wielding a +0 short sword
              (8 damage)
             ... on level 3 of the Dungeon on Feb 14, 2023.
             The game lasted 00:05:55 (2711 turns).

Juicyj the Covered (Minotaur Fighter)               Turns: 2711, Time: 00:05:55

Health: -5/56      AC:  6    Str: 21      XL:     6   Next: 84%
Magic:  5/5        EV: 10    Int:  2 (5)  God:    Okawaru [......]
Gold:   144        SH:  0    Dex: 11      Spells: 5/5 levels left

rFire   . . .      SeeInvis .    a - +1 war axe (elec)
rCold   + . .      Faith    .    c - +0 buckler
rNeg    + . .      Spirit   .    q - +3 leather armour {rN+}
rPois   .          Reflect  .    (helmet restricted)
rElec   .          Harm     .    (no cloak)
rCorr   .          Rampage  .    (no gloves)
Will    .....                    (no boots)
Stlth   +                        (no amulet)
HPRegen 0.29/turn                f - ring of protection from cold
MPRegen 0.09/turn                (no ring)

@: confused, lethally poisoned (-5 -> -24), ambrosia-drunk, hasted, unable to
drink, very quick
A: horns 2, retaliatory headbutt, sense surroundings 1, inability to drink after
injury 1
a: Renounce Religion


You were on level 3 of the Dungeon.
You worshipped Okawaru.
Okawaru was noncommittal.
You visited 1 branch of the dungeon, and saw 4 of its levels.

You collected 144 gold pieces.

Inventory:

Hand Weapons
 a - a +1 war axe of electrocution (weapon)
Armour
 b - a +0 scale mail
 c - a +0 buckler (worn)
 q - a +3 leather armour of positive energy (worn)
Jewellery
 f - a ring of protection from cold (left hand)
Scrolls
 i - 2 scrolls of vulnerability
 k - 3 scrolls of enchant armour
Potions
 d - a potion of might
 j - a potion of berserk rage {unknown}
 o - a potion of mutation
 t - a potion of flight


   Skills:
 + Level 5.5 Fighting
 + Level 4.9 Axes
 + Level 5.6 Armour
 + Level 5.6 Shields


You had 5 spell levels left.
You didn't know any spells.
Your spell library was empty.

Dungeon Overview and Level Annotations

Branches:
Dungeon (4/15)
 Temple: D:4-7

Altars:
Okawaru

Annotations:
D:3 Dowan, Duvessa


Innate Abilities, Weirdness & Mutations

You have a pair of horns on your head.
You reflexively headbutt those who attack you in melee.
You passively map a small area around you.
You occasionally lose the ability to drink potions when taking damage.


Message History

Dowan is moderately wounded.
You closely miss Duvessa.
You feel sick. Dowan casts a spell at you. The puff of flame hits you!
Duvessa misses you.
You feel better.
Dowan points at you and mumbles some strange words.
The puff of frost hits you. You resist.
Duvessa says, "Where magic fails, the sword succeeds!"
Duvessa hits you with a +0 short sword.
You feel yourself speed up.
Dowan hits you with a +1 dagger of venom.
You are poisoned.
Duvessa hits you with a +0 short sword.
You hit Dowan. You headbutt Dowan!
Dowan is severely wounded.
You closely miss Duvessa.
You feel sick.
Dowan hits you with a +1 dagger of venom.
* * * LOW HITPOINT WARNING * * *
You are lethally poisoned!
Duvessa hits you with a +0 short sword.
* * * LOW HITPOINT WARNING * * *
You closely miss Duvessa.
Duvessa is severely wounded.
You closely miss Dowan.
* * * LOW HITPOINT WARNING * * *
You feel very sick. Dowan hits you but does no damage.
You are more poisoned.
Duvessa hits you with a +0 short sword.
* * * LOW HITPOINT WARNING * * *
You are confused.
You feel invigorated.
* * * LOW HITPOINT WARNING * * *
You feel very sick. Dowan gestures at you while chanting.
The puff of frost hits you. You resist.
* * * LOW HITPOINT WARNING * * *
Duvessa hits you with a +0 short sword!
You feel threatened and lose the ability to drink potions!
You die...

#....)..###..##.###.....#...##
#...###.......#.##.....###...##
#...# #.......#.#.............#
#...# #.......#...#..#.).).#..#
##### #.......#.###.##.†_..##.#
#######.#.# #..#.).).#..# #.#.#
#...........# #.#e#
##...###†..##
#..@#####...#...##
###e..####.....##
###.........## ###########


You could see Duvessa and Dowan.

Vanquished Creatures
  Sigmund (D:3)
  Menkaure (D:4)
  An orc priest (D:4)
  2 orc wizards (D:4)
  Robin (D:3)
  4 adders
  A worm (D:2)
  A dart slug (D:3)
  3 orcs
  6 endoplasms
  3 giant cockroaches
  9 goblins
  11 hobgoblins
  9 kobolds
  3 quokkas
  6 ball pythons
  4 bats
  2 frilled lizards (D:1)
  5 rats
73 creatures vanquished.

Notes
Turn   | Place    | Note
-------+----------+-------------------------------------------
     0 | D:1      | Juicyj the Minotaur Fighter began the quest for the Orb.
     0 | D:1      | Reached XP level 1. HP: 19/19 MP: 0/0
     6 | D:1      | Noticed a minotaur zombie
    19 | D:1      | Noticed a minotaur zombie
    21 | D:1      | Noticed a minotaur zombie
   148 | D:1      | Reached XP level 2. HP: 27/27 MP: 1/1
   395 | D:1      | Found a faded altar of an unknown god.
   462 | D:2      | Reached XP level 3. HP: 21/33 MP: 2/2
  1165 | D:3      | Noticed Robin
  1177 | D:3      | Killed Robin
  1178 | D:3      | Reached XP level 4. HP: 20/40 MP: 3/3
  1359 | D:3      | Noticed Sigmund
  1387 | D:3      | Killed Sigmund
  1388 | D:3      | Reached skill level 5 in Fighting
  1388 | D:3      | Reached skill level 5 in Armour
  1388 | D:3      | Reached skill level 5 in Shields
  1388 | D:3      | Reached XP level 5. HP: 27/48 MP: 4/4
  1528 | D:3      | Found an iron altar of Okawaru.
  1566 | D:3      | Became a worshipper of Warmaster Okawaru
  1800 | D:3      | Gained mutation: You occasionally lose the ability to drink
                  | potions when taking damage. [potion of mutation]
  1800 | D:3      | Gained mutation: You passively map a small area around you.
                  | [potion of mutation]
  1816 | D:4      | Noticed Menkaure
  1820 | D:4      | Killed Menkaure
  1821 | D:4      | Reached XP level 6. HP: 25/56 MP: 5/5
  2389 | D:4      | Noticed Duvessa
  2389 | D:4      | Noticed Dowan
  2711 | D:3      | Slain by Duvessa

Illustrated notes

Levels and vault maps discovered:
D:1:      shiori_arrival_whats_in_store_for_you, layout_rooms,
          basic_ecumenical_altar
D:2:      layout_loops_cross
D:3:      layout_basic, okawaru_ov_weapons_minmay, uniq_sigmund, uniq_robin
D:4:      minmay_diamond_boxcup, layout_loops_ring, grunt_temple_overflow_open,
          uniq_menkaure, uniq_duvessa, uniq_grinder, uniq_ijyb

Skill      XL: |  1  2  3  4 |
---------------+-------------+-----
Shields        | 4 5 |  5.6
Armour         | 4 5 |  5.6
Fighting       | 4 5 |  5.5
Axes           | 3 4 |  4.9

Action                     |  1- 3 |  4- 6 || total
---------------------------+-------+-------++-------
  Melee: War axe           |    73 |    60 ||   133
         Headbutt          |     8 |     6 ||    14
         Unarmed           |       |     2 ||     2
    Use: Potion            |       |     9 ||     9
         Scroll            |       |    11 ||    11
   Stab: Sleeping          |     1 |       ||     1
 Armour: Scale mail        |    23 |       ||    23
         Leather armour    |     4 |    17 ||    21
         Skin              |       |     5 ||     5
  Dodge: Dodged            |    37 |    40 ||    77
  Block: Buckler           |    12 |     8 ||    20

Table legend: (Time is in decaauts)
 A = Elapsed time spent in this place.
 B = Non-inter-level travel time spent in this place.
 C = Inter-level travel time spent in this place.
 D = Time resting spent in this place.
 E = Time spent auto-exploring this place.
 F = Levels seen in this place.
 G = Mean time per level.
                   A        B        C        D        E       F      G
               +--------+--------+--------+--------+--------+-----+--------+
         Total |   2725 |   2697 |     28 |    497 |   1718 |   4 |  681.2 |
       Dungeon |   2725 |   2697 |     28 |    497 |   1718 |   4 |  681.2 |
               +--------+--------+--------+--------+--------+-----+--------+

Top non-repeatable levels by time:
     D:3: 890 daAuts
     D:2: 713 daAuts
     D:4: 652 daAuts
     D:1: 469 daAuts
